 Dungeon Crawl Stone Soup version 0.28.0-53-g5a82cb258f (webtiles) character file.

Game seed: 15023666056503232039

103228 Ashen the Destroyer (level 15, 0/115 HPs)
             Began as a Demonspawn Ice Elementalist on Aug 2, 2022.
             Was a High Priest of Vehumet.
             Killed from afar by a fire giant (59 damage)
             ... with a fireball
             ... on level 14 of the Dungeon on Aug 11, 2022.
             The game lasted 01:46:30 (26395 turns).

Ashen the Destroyer (Demonspawn Ice Elementalist)  Turns: 26395, Time: 01:46:30

Health: 0/115      AC:  7    Str: 14    XL:     15   Next: 88%
Magic:  13/29      EV: 17    Int: 28    God:    Vehumet [*****.]
Gold:   3247       SH:  8    Dex: 17    Spells: 15/34 levels left

rFire   . . .      SeeInvis +   A - +7 dagger (elec)
rCold   + + +      Faith    .   a - +1 buckler {rPois}
rNeg    + . .      Spirit   .   Q - +2 robe {rC+ rF+}
rPois   +          Reflect  .   (no helmet)
rElec   +          Harm     .   (no cloak)
rCorr   .          Rampage  .   h - +1 pair of gloves
Will    ++...                   C - +0 pair of boots "Qeuntyi" {Contam rPois Str+3}
Stlth   +++++.....              q - amulet of regeneration
HPRegen 1.09/turn               s - ring "Ycirewn" {Ice rN+ Str+2 SInv}
MPRegen 0.21/turn               L - ring of Heresy {Contam rElec rC+ Will+}

@: freezing walls
A: demonic guardian 2, big brain 2, condensation shield, bedeviling, weakness
stinger 1, agile 1, clever 1, MP-powered wands
a: Renounce Religion


You were on level 14 of the Dungeon.
You worshipped Vehumet.
Vehumet was extremely pleased with you.
You visited 4 branches of the dungeon, and saw 23 of its levels.
You also visited: Sewer, Bailey and Ice Cave.

You collected 3817 gold pieces.
You spent 570 gold pieces at shops.

Inventory:

Hand Weapons
 A - a +7 dagger of electrocution (weapon)
 O - the +6 dagger of Majestic Tender Mercy {venom, Drain rElec Will+++ Str-4}
   (You found it on level 10 of the Dungeon)

   It poisons the flesh of those it strikes.
   Str:       It affects your strength (-4).
   rElec:     It insulates you from electricity.
   Drain:     It drains your maximum health when unequipped.
   Will:      It greatly increases your willpower.
Armour
 a - a +1 buckler of poison resistance (worn)
 h - a +1 pair of gloves (worn)
 C - the +0 pair of boots "Qeuntyi" (worn) {Contam rPois Str+3}
   (You bought it in a shop on level 11 of the Dungeon)

   Str:       It affects your strength (+3).
   rPois:     It protects you from poison.
   Contam:    It causes magical contamination when unequipped.
 F - a +1 kite shield of protection
 I - a +2 robe of the Archmagi
 Q - a +2 robe of resistance (worn)
 R - a +2 troll leather armour
 S - the +0 leather armour of Altruism {rN+ Slay+6}
   (You found it on level 2 of the Lair of Beasts)

   Slay:      It affects your accuracy & damage with ranged weapons and melee
   (+6).
   rN:        It protects you from negative energy.
 Y - a +1 helmet
Magical Staves
 j - a staff of air
Jewellery
 e - a ring of flight
 q - an amulet of regeneration (around neck)
 s - the ring "Ycirewn" (left hand) {Ice rN+ Str+2 SInv}
   (You found it in an ice cave)

   [ring of ice]

   It enhances your ice magic.
   Str:       It affects your strength (+2).
   rF:        It makes you vulnerable to fire.
   rC:        It protects you from cold.
   rN:        It protects you from negative energy.
   SInv:      It lets you see invisible.
 D - an amulet of magic regeneration
 L - the ring of Heresy (right hand) {Contam rElec rC+ Will+}
   (You found it on level 9 of the Dungeon)

   [ring of willpower]

   rC:        It protects you from cold.
   rElec:     It insulates you from electricity.
   Contam:    It causes magical contamination when unequipped.
   Will:      It increases your willpower.
 N - a ring of wizardry
Wands
 d - a wand of polymorph (4)
 i - a wand of mindburst (44)
 m - a wand of digging (17)
 t - a wand of iceblast (21)
 X - a wand of acid (9)
Scrolls
 c - 5 scrolls of immolation
 g - 2 scrolls of blinking
 l - a scroll of brand weapon
 o - 2 scrolls of holy word
 p - 2 scrolls of summoning
 w - 4 scrolls of fog
 x - 2 scrolls of vulnerability
 y - a scroll of silence
 z - a scroll of fear
 E - 7 scrolls of teleportation
 G - 3 scrolls of magic mapping
 J - 2 scrolls of amnesia
 T - a scroll of acquirement
 W - a scroll of noise
Potions
 b - 5 potions of curing
 f - a potion of invisibility
 k - 2 potions of might
 n - 3 potions of brilliance
 r - 5 potions of haste
 u - 4 potions of magic
 v - 2 potions of cancellation
 H - 8 potions of ambrosia
 K - a potion of berserk rage
 M - 2 potions of attraction
 P - 2 potions of flight
 U - a potion of experience
 V - 3 potions of lignification
 Z - 2 potions of resistance


   Skills:
 - Level 10.0 Fighting
 + Level 4.8 Short Blades
 - Level 10.0 Dodging
 - Level 10.0 Stealth
 + Level 9.1 Shields
 - Level 10.0 Spellcasting
 + Level 11.2 Conjurations
 - Level 10.0 Ice Magic
 + Level 9.7 Air Magic


You had 15 spell levels left.
You knew the following spells:

 Your Spells              Type           Power      Damage    Failure   Level
a - Freeze                Ice            100%       1d11      1%          1
b - Frozen Ramparts       Ice            100%       1d12      1%          3
c - Ozocubu's Armour      Ice            81%        N/A       1%          3
d - Hailstorm             Conj/Ice       83%        3d17      1%          4
e - Shock                 Conj/Air       100%       1d9       1%          1
f - Orb of Destruction    Conj           33%        9d10      11%         7

Your spell library contained the following spells:

 Spells                   Type           Power      Damage    Failure   Level
 Spellforged Servitor     Conj/Summ      22%        N/A       67%         7
 Sandblast                Erth           28%        2d8       1%          1
 Stone Arrow              Conj/Erth      90%        3d12      1%          3
 Animate Skeleton         Necr           28%        N/A       4%          1
 Pain                     Necr           56%        1d6       4%          1
 Summon Small Mammal      Summ           56%        N/A       4%          1
 Passwall                 Tmut/Erth      11%        N/A       8%          2
 Call Canine Familiar     Summ           14%        N/A       14%         3
 Gell's Gravitas          Tloc           14%        N/A       14%         3
 Summon Guardian Golem    Hex/Summ       21%        N/A       14%         3
 Teleport Other           Tloc           14%        N/A       14%         3
 Vampiric Draining        Necr           14%        2d7       14%         3
 Iron Shot                Conj/Erth      22%        9d5       19%         6
 Animate Armour           Summ/Erth      28%        N/A       43%         4
 Animate Dead             Necr           7%         N/A       43%         4
 Blade Hands              Tmut           7%         N/A       80%         5
 Dispersal                Tloc           7%         N/A       100%        6
 Haunt                    Necr/Summ      7%         N/A       100%        7
 Infestation              Necr           7%         N/A       100%        8


Dungeon Overview and Level Annotations

Branches:
Dungeon (14/15)            Temple (1/1) D:6            Lair (6/6) D:11
 Shoals (0/4) Lair:2       Spider (0/4) Lair:3        Slime (0/5) Lair:6
    Orc (2/2) D:10            Elf (0/3) Orc:2        Vaults (0/5) D:13
  Sewer (visited)          Bailey (visited)           IceCv (visited)

Altars:
Ashenzari
Cheibriados
Dithmenos
Elyvilon
Fedhas
Gozag
Hepliaklqana
Kikubaaqudgha
Makhleb
Nemelex Xobeh
Okawaru
Qazlal
Ru
Sif Muna
Trog
Uskayaw
Vehumet
Wu Jian
Xom
Yredelemnul
Zin
The Shining One

Shops:
D:3 :   D:11 [   Orc:2 (=*=[

Annotations:
D:10 2 transporters, exclusion: downstairs, diceflayer's ghost, novice MiFi
Lair:2 exclusion: 2 oklob plants
Lair:6 exclusion: 3 oklob plants


Innate Abilities, Weirdness & Mutations

A demonic guardian rushes to your aid.
You have an extremely huge brain. (Int +4)
A meltable shield of frost defends you. (SH +0)
Your hexes are more powerful.
You have a small tail.
You are agile. (Dex +2)
Your mind is acute. (Int +2)
You expend magic power (3 MP) to strengthen your wands.


Message History

The walls around you are covered in ice.
The wall freezes the fire giant!
Casting: Frozen Ramparts (safe; 1% risk of failure)
Confirm with . or Enter, or press ? or * to list all spells.
Casting: Hailstorm (safe; 1% risk of failure)
Press: ? - help, Dir - look around, f - activate You feel a surge of power!
A cannonade of hail descends around you!
The hail pelts the deep elf pyromancer!
The deep elf pyromancer is moderately wounded.
The wall freezes the fire giant.
The fire giant completely misses you.
Casting: Hailstorm (safe; 1% risk of failure)
Confirm with . or Enter, or press ? or * to list all spells.
You feel a surge of power! A film of ice covers your body!
The wall freezes the fire giant.
The fire giant casts a spell at you. The bolt of fire hits you!
The wall freezes the deep elf pyromancer!
The heat melts your icy armour.
Casting: Ozocubu's Armour (safe; 1% risk of failure)
Confirm with . or Enter, or press ? or * to list all spells.
Aiming: Orb of Destruction (dangerous; 11% risk of failure)
Press: ? - help, Shift-Dir - straight line, f - fire giant
Aim: a fire giant, wielding a +3 great sword of flaming (lightly wounded)
The wavering orb of destruction weakly hits the fire giant!
The fire giant is moderately wounded.
The wall freezes the fire giant!
The fire giant points at you and mumbles some strange words.
The bolt of fire hits you!!!
Your icy armour melts away.
* * * LOW HITPOINT WARNING * * *
A demonic guardian appears!
The wall freezes the deep elf pyromancer.
The deep elf pyromancer mumbles some strange words.
The deep elf pyromancer blinks!
You feel much better.
The wall freezes the fire giant!
The fire giant gestures at you while chanting.
The fireball explodes!
The fireball engulfs you!!!
Ouch! That really hurt!
You die...

#..#8 ..8 #.## ≈.. *
..# , .## ≈ #.e .#
.. * ..# ## , .8.
### ..# . #.# (.###
,.C# #.. *, #.#
#.#.### .. .... *
#.##.#.#@### .#.....
,
#.#.#.#C#(###.....<.
, #.(.....4...C# .#
#.#.#.#.#.###...#
#.# *#. #(#.#.###,
.#..... . #.###.
##.#(### .. ....
..###.#.###..### ...
#.. ##..#...#..###.
,.... .*
.#...#.#...#...
....#


You could see a fire giant (ally target) and a friendly rust devil (summoned).

Vanquished Creatures
  Gastronok (Lair:2)
  2 orc warlords
  A spark wasp (IceCv)
  3 boulder beetles
  12 hydras
  A vault guard (D:13)
  Erica (Orc:1)
  4 centaur warriors
  A merfolk avatar (Lair:6)
  A catoblepas (Lair:4)
  A death knight (D:14)
  10 two-headed ogres
  2 tengu warriors
  4 orc high priests (Orc:2)
  5 death yaks (Lair:6)
  Nergalle (D:12)
  3 skeletal warriors (D:13)
  A fire crab (Lair:6)
  A deep troll (shapeshifter) (D:14)
  A sea snake (Lair:6)
  A wizard (D:14)
  5 orc knights
  Pikel (D:7)
  A deep elf pyromancer (D:14)
  3 orc sorcerers
  4 manticores
  3 wolf spiders
  4 cyclopes
  5 elephants (Lair:5)
  14 ugly things
  3 black mambas
  An ice statue (IceCv)
  Joseph (D:7)
  2 gargoyles
  11 cane toads
  7 rime drakes
  A kobold demonologist (D:12)
  19 komodo dragons
  2 tengu conjurers
  A queen bee (Lair:1)
  2 wind drakes (Lair:6)
  4 polar bears
  7 trolls
  A hornet (Lair:6)
  A blink frog (shapeshifter) (D:12)
  13 dream sheep
  22 blink frogs
  A snapping turtle (Lair:6)
  Sigmund (D:6)
  A centaur simulacrum (D:14)
  2 vampires
  2 shadows (D:12)
  7 wyverns
  6 humans (D:13)
  A basilisk (Lair:5)
  7 yaks
  2 redbacks (Orc:1)
  2 steam dragons (Lair:5)
  5 vampire mosquitoes
  7 wargs
  An acid dragon (D:7)
  14 water moccasins
  34 orc warriors
  3 black bears
  3 ice beasts
  2 necrophages (D:6)
  2 sky beasts
  14 centaurs
  11 ogres
  2 wolves
  A phantom (D:7)
  2 lemures
  10 kobold brigands
  Blork the orc (D:5)
  11 bullfrogs
  2 scorpions (D:6)
  A two-headed ogre simulacrum (D:13)
  A cane toad simulacrum (D:13)
  A wyvern skeleton (D:5)
  An elephant simulacrum (D:13)
  49 killer bees
  5 lindwurm simulacra (IceCv)
  3 wights (D:10)
  2 howler monkeys
  A bullfrog zombie (D:5)
  3 centaur zombies
  8 crimson imps (D:7)
  A gnoll shaman (D:6)
  6 komodo dragon simulacra (IceCv)
  13 orc priests
  A centaur skeleton (D:6)
  2 bullfrog skeletons
  Terence (D:3)
  Jessica (D:3)
  21 orc wizards
  2 spriggan simulacra (D:13)
  A wolf simulacrum (D:13)
  A killer bee zombie (D:8)
  A hound skeleton (D:3)
  A howler monkey zombie (D:9)
  4 acid dragon simulacra (IceCv)
  8 gnolls
  2 naga simulacra (D:13)
  3 river rats (Sewer)
  10 adders
  2 shadow imps
  3 white imps
  6 steam dragon simulacra (IceCv)
  An ufetubus (D:5)
  An adder zombie (D:5)
  An adder skeleton (D:4)
  4 worms
  4 dart slugs
  64 orcs
  A bat (D:3)
  8 endoplasms
  5 giant cockroaches
  19 goblins
  10 hobgoblins
  15 jackals
  19 kobolds
  A quokka (D:2)
  11 ball pythons
  7 frilled lizards
  9 rats
  A spectral orc (D:13)
698 creatures vanquished.

Vanquished Creatures (collateral kills)
  4 hydras
  A boulder beetle (D:11)
  A death yak (Lair:6)
  A sea snake (Lair:6)
  An orc knight (Orc:1)
  A harpy (Lair:6)
  2 ugly things (D:14)
  An ice statue (IceCv)
  A gargoyle (D:11)
  A rime drake (Lair:6)
  3 komodo dragons
  A polar bear (D:13)
  2 hornets
  4 blink frogs
  A wyvern (D:10)
  A steam dragon (Lair:6)
  5 humans (D:13)
  A water moccasin (Lair:6)
  2 orc warriors
  An ice beast (D:6)
  2 ogres (Orc:1)
  A centaur (D:5)
  A phantom (D:5)
  2 wights (D:10)
  2 orc priests
  An adder skeleton (D:5)
  A worm (D:3)
  3 orcs
  An endoplasm (D:4)
  A hobgoblin (D:2)
  A jackal (D:4)
  A kobold (D:4)
52 creatures vanquished.

Vanquished Creatures (others)
  An orc wizard (Orc:2)
  33 fungi
  74 plants
108 creatures vanquished.

Grand Total: 858 creatures vanquished

Notes
Turn   | Place    | Note
-------+----------+-------------------------------------------
     0 | D:1      | Ashen the Demonspawn Ice Elementalist began the quest for
                  | the Orb.
     0 | D:1      | Reached XP level 1. HP: 13/13 MP: 3/3
   345 | D:1      | Gained mutation: You have an unusually large brain. (Int
                  | +2) [demonic ancestry]
   345 | D:1      | Reached XP level 2. HP: 20/20 MP: 3/5
   830 | D:1      | Reached skill level 1 in Fighting
   849 | D:1      | Gained mutation: A weak demonic guardian rushes to your
                  | aid. [demonic ancestry]
   849 | D:1      | Reached XP level 3. HP: 18/26 MP: 0/6
  1758 | D:2      | Gained mutation: You have an extremely huge brain. (Int +4)
                  | [demonic ancestry]
  1758 | D:2      | Reached XP level 4. HP: 29/32 MP: 5/7
  2168 | D:2      | Found a sparkling altar of Nemelex Xobeh.
  2353 | D:2      | Found a faded altar of an unknown god.
  3039 | D:3      | Noticed Terence
  3039 | D:3      | Found a burning altar of Makhleb.
  3081 | D:3      | Noticed Jessica
  3087 | D:3      | Learned a level 3 spell: Frozen Ramparts
  3091 | D:3      | Learned a level 3 spell: Ozocubu's Armour
  3104 | D:3      | Killed Jessica
  3135 | D:3      | Gained mutation: A meltable shield of frost defends you.
                  | (SH +0) [demonic ancestry]
  3135 | D:3      | Reached XP level 5. HP: 24/38 MP: 7/9
  3303 | D:3      | Killed Terence
  4119 | D:3      | Found Ezxyidyl's Book Shoppe.
  4454 | D:4      | Reached XP level 6. HP: 35/44 MP: 10/10
  4858 | D:5      | Entered Level 5 of the Dungeon
  4858 | D:5      | Noticed Blork the orc
  4881 | D:5      | Noticed an ice beast
  4885 | D:5      | Noticed a sky beast
  4949 | D:5      | Killed Blork the orc
  5130 | D:5      | Killed a sky beast
  5131 | D:5      | Reached XP level 7. HP: 52/52 MP: 6/12
  5573 | D:5      | Reached skill level 5 in Ice Magic
  5656 | D:5      | You are sucked into a shaft and drop 2 floors!
  5696 | D:6      | Reached XP level 8. HP: 60/60 MP: 6/14
  5843 | D:6      | Noticed Sigmund
  5883 | D:6      | Found a glowing drain.
  5893 | Sewer    | Entered a sewer
  6463 | D:5      | Reached skill level 5 in Stealth
  6595 | D:7      | Noticed Pikel
  6625 | D:6      | Killed Sigmund
  6626 | D:6      | Reached skill level 5 in Dodging
  6626 | D:6      | Reached skill level 5 in Spellcasting
  6755 | D:6      | Reached skill level 5 in Fighting
  6755 | D:6      | Reached XP level 9. HP: 65/67 MP: 10/16
  6887 | D:6      | Found a staircase to the Ecumenical Temple.
  6904 | Temple   | Entered the Ecumenical Temple
  7193 | Temple   | Became a worshipper of Vehumet
  7977 | D:5      | Found a hazy altar of Hepliaklqana.
  7977 | D:5      | Found a sparkling altar of Nemelex Xobeh.
  8107 | D:7      | Killed Pikel
  8168 | D:7      | Noticed a two-headed ogre
  8176 | D:7      | Learned a level 4 spell: Hailstorm
  8349 | D:7      | Noticed Joseph
  8353 | D:7      | Reached skill level 1 in Conjurations
  8370 | D:7      | Killed Joseph
  8560 | D:7      | Reached skill level 2 in Conjurations
  8560 | D:7      | Reached XP level 10. HP: 76/76 MP: 13/19
  8561 | D:7      | Reached * piety under Vehumet
  8561 | D:7      | Offered knowledge of Sandblast by Vehumet.
  8729 | D:7      | Killed a two-headed ogre
  9210 | D:8      | Found a flagged portal.
  9221 | Bailey   | Entered a bailey
  9431 | Bailey   | Identified the +7 spear "Demonspawn's Curse" {vorpal,
                  | Dex+3}
  9436 | Bailey   | Noticed an orc knight
  9476 | Bailey   | Killed an orc knight
  9477 | Bailey   | Reached skill level 3 in Conjurations
  9711 | Bailey   | Found an iron altar of Okawaru.
 10549 | D:9      | Offered knowledge of Shock by Vehumet.
 10551 | D:9      | Reached ** piety under Vehumet
 10554 | D:9      | Learned a level 1 spell: Shock
 10596 | D:9      | Noticed a two-headed ogre
 10603 | D:9      | Killed a two-headed ogre
 10723 | D:9      | Noticed a two-headed ogre
 10729 | D:9      | Killed a two-headed ogre
 10730 | D:9      | Reached skill level 1 in Air Magic
 10832 | D:9      | Reached skill level 4 in Conjurations
 10832 | D:9      | Gained mutation: A demonic guardian rushes to your aid.
                  | [demonic ancestry]
 10832 | D:9      | Reached XP level 11. HP: 59/84 MP: 11/21
 10912 | D:9      | Identified the ring of Heresy {Contam rElec rC+ Will+}
 10980 | D:9      | Noticed a two-headed ogre
 10999 | D:9      | Killed a two-headed ogre
 11400 | D:10     | Entered Level 10 of the Dungeon
 11400 | D:10     | Noticed diceflayer's ghost (novice MiFi)
 11400 | D:10     | Noticed a five-headed hydra
 11400 | D:10     | Found a transporter.
 11400 | D:10     | Found a transporter.
 11506 | D:10     | Noticed a two-headed ogre
 11518 | D:10     | Killed a two-headed ogre
 11555 | D:10     | Noticed an orc knight
 11985 | D:10     | Identified the +6 dagger of Majestic Tender Mercy {venom,
                  | Drain rElec Will+++ Str-4}
 12007 | D:10     | Found a staircase to the Orcish Mines.
 12245 | D:11     | Offered knowledge of Inner Flame by Vehumet.
 12262 | D:11     | Noticed a two-headed ogre
 12274 | D:11     | Killed a two-headed ogre
 12338 | D:11     | Found a staircase to the Lair.
 12381 | D:11     | Noticed a tengu warrior
 12396 | D:11     | Reached skill level 5 in Conjurations
 12403 | D:11     | Killed a tengu warrior
 12614 | D:11     | Noticed a boulder beetle
 12640 | D:11     | Killed a boulder beetle
 12794 | D:11     | Reached skill level 1 in Shields
 13037 | D:11     | Found Ranim's Armour Shop.
 13048 | D:11     | Bought the +0 pair of boots "Qeuntyi" {Contam rPois Str+3}
                  | for 246 gold pieces
 13114 | D:11     | Reached *** piety under Vehumet
 13365 | Lair:1   | Entered Level 1 of the Lair of Beasts
 13386 | Lair:1   | Reached XP level 12. HP: 92/92 MP: 23/23
 13557 | Lair:1   | Noticed a four-headed hydra
 13562 | Lair:1   | Killed a four-headed hydra
 13613 | Lair:1   | Offered knowledge of Olgreb's Toxic Radiance by Vehumet.
 13675 | Lair:1   | Noticed a seven-headed hydra
 13688 | Lair:1   | Killed a seven-headed hydra
 13973 | Lair:1   | Noticed a six-headed hydra
 13980 | Lair:1   | Killed a six-headed hydra
 13981 | Lair:1   | Reached skill level 6 in Conjurations
 14469 | Lair:2   | Noticed Gastronok
 14495 | Lair:2   | Reached **** piety under Vehumet
 14544 | Lair:2   | Offered knowledge of Fireball by Vehumet.
 14616 | Lair:2   | Identified the +0 leather armour of Altruism {rN+ Slay+6}
 14831 | Lair:2   | Found a staircase to the Shoals.
 15009 | Lair:2   | Killed Gastronok
 15391 | Lair:3   | Noticed a four-headed hydra
 15402 | Lair:3   | Killed a four-headed hydra
 15432 | Lair:3   | Noticed a seven-headed hydra
 15449 | Lair:3   | Killed a seven-headed hydra
 15450 | Lair:3   | Gained mutation: You have a small tail. [demonic ancestry]
 15450 | Lair:3   | Reached XP level 13. HP: 42/101 MP: 13/25
 15561 | Lair:3   | Found a hole to the Spider Nest.
 15589 | Lair:3   | Found the +10 tower shield of Ignorance {rN+ Int-4}
 15653 | Lair:3   | Reached skill level 5 in Air Magic
 15684 | Lair:3   | Found a radiant altar of Vehumet.
 16452 | Lair:4   | Reached skill level 7 in Conjurations
 16782 | Lair:4   | Reached ***** piety under Vehumet
 16782 | Lair:4   | Offered knowledge of Orb of Destruction by Vehumet.
 16795 | Lair:4   | Learned a level 7 spell: Orb of Destruction
 18081 | Lair:5   | Reached skill level 10 in Stealth
 18287 | Lair:5   | Reached skill level 5 in Shields
 18688 | Lair:6   | Entered Level 6 of the Lair of Beasts
 18899 | Lair:6   | Paralysed by a hornet for 2 turns
 18906 | Lair:6   | Reached XP level 14. HP: 79/109 MP: 16/27
 18917 | Lair:6   | Reached skill level 10 in Ice Magic
 19262 | Lair:6   | Reached skill level 10 in Fighting
 19398 | Lair:6   | Reached skill level 8 in Conjurations
 20155 | Lair:6   | Found a staircase to the Slime Pits.
 20485 | Orc:1    | Entered Level 1 of the Orcish Mines
 20543 | Orc:1    | Noticed Erica
 20567 | Orc:1    | Killed Erica
 20605 | Orc:1    | Reached skill level 10 in Spellcasting
 20610 | Orc:1    | Reached skill level 10 in Dodging
 20707 | Orc:1    | Noticed an orc warlord
 20882 | Orc:1    | Killed an orc warlord
 20961 | Orc:1    | Reached skill level 9 in Conjurations
 21353 | Orc:2    | Entered Level 2 of the Orcish Mines
 21361 | Orc:2    | Noticed an orc warlord
 21559 | Orc:2    | Killed an orc warlord
 21696 | Orc:2    | Found Hedea's General Store.
 21700 | Orc:2    | Offered knowledge of Lee's Rapid Deconstruction by Vehumet.
 21771 | Orc:2    | Bought a scroll of enchant weapon for 90 gold pieces
 21771 | Orc:2    | Bought a scroll of fog for 24 gold pieces
 21892 | Orc:2    | Found Vion's Jewellery Shoppe.
 21925 | Orc:2    | Found Hagemp's Antique Armour Shoppe.
 21930 | Orc:2    | Found Edoufasui's Jewellery Shop.
 22032 | Orc:2    | Gained mutation: Your hexes are more powerful. [demonic
                  | ancestry]
 22032 | Orc:2    | Reached XP level 15. HP: 89/115 MP: 19/29
 22043 | Orc:2    | Found Niuryc's Antique Weapon Boutique.
 22092 | Orc:2    | Found a staircase to the Elven Halls.
 22132 | Orc:2    | Bought a ring of see invisible for 210 gold pieces
 22610 | D:12     | Noticed Nergalle
 22629 | D:12     | Killed Nergalle
 22713 | D:12     | Reached skill level 1 in Short Blades
 23061 | D:12     | Found a sacrificial altar of Ru.
 23273 | D:12     | Reached skill level 10 in Conjurations
 23357 | D:12     | Identified a scroll of acquirement
 23650 | D:13     | Found a frozen archway.
 23814 | D:13     | Found a gate to the Vaults.
 23894 | IceCv    | Entered an ice cave
 24019 | IceCv    | Offered knowledge of Spellforged Servitor by Vehumet.
 24655 | IceCv    | Identified the ring "Ycirewn" {Ice rN+ Str+2 SInv}
 25269 | D:13     | Identified the -3 pair of boots "Dojorch" {Int+7}
 25288 | D:13     | Found a hazy altar of Hepliaklqana.
 25983 | D:14     | Gained mutation: You have a pair of small horns on your
                  | head. [potion of mutation]
 25983 | D:14     | Gained mutation: You are frail. (-10% HP) [potion of
                  | mutation]
 25983 | D:14     | Gained mutation: You are strong-willed. (Will+) [potion of
                  | mutation]
 25984 | D:14     | Lost mutation: You are frail. (-10% HP) [potion of
                  | mutation]
 25984 | D:14     | Lost mutation: You have a pair of small horns on your head.
                  | [potion of mutation]
 25984 | D:14     | Lost mutation: You are strong-willed. (Will+) [potion of
                  | mutation]
 25984 | D:14     | Gained mutation: You are frail. (-10% HP) [potion of
                  | mutation]
 25984 | D:14     | Gained mutation: You passively map a small area around you.
                  | [potion of mutation]
 25984 | D:14     | Gained mutation: You are resistant to electric shocks.
                  | (rElec) [potion of mutation]
 25985 | D:14     | Lost mutation: You are resistant to electric shocks.
                  | (rElec) [potion of mutation]
 25985 | D:14     | Lost mutation: You passively map a small area around you.
                  | [potion of mutation]
 25985 | D:14     | Lost mutation: You are frail. (-10% HP) [potion of
                  | mutation]
 25985 | D:14     | Gained mutation: You are dopey. (Int -2) [potion of
                  | mutation]
 25985 | D:14     | Gained mutation: You have hidden genetic potential. [potion
                  | of mutation]
 25986 | D:14     | Lost mutation: You have hidden genetic potential. [potion
                  | of mutation]
 25986 | D:14     | Lost mutation: You are dopey. (Int -2) [potion of mutation]
 25986 | D:14     | Gained mutation: You are clumsy. (Dex -2) [potion of
                  | mutation]
 25986 | D:14     | Gained mutation: You expend magic power (3 MP) to
                  | strengthen your wands. [potion of mutation]
 25986 | D:14     | Gained mutation: You are occasionally teleported next to
                  | monsters. [potion of mutation]
 25986 | D:14     | Gained mutation: Your mind is acute. (Int +2) [potion of
                  | mutation]
 25987 | D:14     | Lost mutation: You are occasionally teleported next to
                  | monsters. [potion of mutation]
 25987 | D:14     | Lost mutation: You are clumsy. (Dex -2) [potion of
                  | mutation]
 25987 | D:14     | Gained mutation: You are agile. (Dex +2) [potion of
                  | mutation]
 26279 | D:14     | Reached skill level 11 in Conjurations
 26381 | D:14     | Noticed a fire giant
 26395 | D:14     | Killed from afar by a fire giant

Illustrated notes

Levels and vault maps discovered:
D:1:      heliophobic_arrival_ceremonial_halls, layout_basic
D:2:      layout_basic, basic_altar, ebering_ecumenical_altar_hall
D:3:      layout_loops_cross, bloody_makhleb, serial_shops, nicolae_shop_trees,
          uniq_jessica, uniq_terence
D:4:      layout_cave_pools, minmay_misc_feat_enclosed
D:5:      layout_rooms, gammafunk_temple_overflow_statue,
          hangedman_decor_slide_cut, uniq_blork_the_orc
D:6:      layout_basic, minmay_temple_entry_gardened_gates,
          cheibrodos_sewer_entry_drain, eino_curves_02, minmay_crossroads,
          uniq_sigmund
D:7:      layout_cave_pods, enter_ossuary_1,
          hangedman_abyss_or_decor_lesser_grid, minmay_nine_imps, uniq_joseph,
          uniq_pikel
D:8:      layout_basic, enter_bailey_4
D:9:      layout_gridville
D:10:     layout_cave_pools, lemuel_round_altar, david_orc_3,
          gammafunk_ghost_arena, hangedman_abyss_or_decor_stabs
D:11:     layout_basic, dpeg_oklobed_lair, serial_shops,
          nicolae_shop_hallway_plus
D:12:     layout_stronghold, minmay_statues_item, hangedman_ru_absence,
          uniq_nergalle
D:13:     layout_long_grid, ximxim_vaults_locker_room, serial_ice, serial_ice_d,
          serial_ice_a, serial_ice_b, serial_ice_e,
          portal_ice_cave_entry_ice_simulacra,
          nicolae_hepliaklqana_monster_ancestors
D:14:     minmay_the_grid_four_pointed_star_mashed
          [minmay_the_grid_triangle_9x9_shrine,
          minmay_the_grid_triangle_9x9_wacky_v,
          minmay_the_grid_triangle_9x9_zippers_vertical,
          minmay_the_grid_triangle_9x9_skeleton,
          minmay_the_grid_prize_diamond_cup], layout_loops_ring, minivault_19
Temple:   dpeg_five_rooms_temple
Lair:1:   layout_roguey [special_room_bee]
Lair:2:   dpeg_oklob_gauntlet, layout_big_grid, minmay_shoals_entry_centaurs,
          serial_bayou_pond_a, infiniplex_staircase_pool, uniq_gastronok
Lair:3:   layout_big_grid, spider_nest_entry_rubble, basic_altar,
          chequers_serial_rivers_micro_e
Lair:4:   layout_cave_pods, serial_bayou_shore_a, lemuel_fruit_tree,
          infiniplex_staircase_pool_2, grunt_megastairs_3
Lair:5:   layout_cave_pods, columned_hall_lemuel, amcnicky_mini_pool_medium
Lair:6:   gammafunk_lair_ancient_temple, layout_regular_city,
          minmay_slime_entry_oklob_open, st_stairs_4
Orc:1:    nicolae_orc_accident_3, layout_caves, uniq_erica
Orc:2:    grunt_orc_gardens, layout_caves, grunt_orc_garden, grunt_orc_garden,
          grunt_orc_garden, grunt_orc_garden, serial_shops, shop

Skill      XL: |  1  2  3  4  5  6  7  8  9 10 11 12 13 14 15 |
---------------+----------------------------------------------+-----
Stealth        | 2 3 4 5 6 7 8 9 10 | 10.0
Dodging        | 2 3 4 5 6 7 8 9 10 | 10.0
Fighting       | 1 2 3 5 6 7 8 9 10 | 10.0
Ice Magic      | 4 5 6 7 8 9 10 | 10.0
Spellcasting   | 3 4 5 6 7 8 9 10 | 10.0
Conjurations   | 2 4 5 6 7 9 11 | 11.2
Air Magic      | 1 3 4 6 8 9 |  9.7
Shields        | 1 3 5 7 9 |  9.1
Short Blades   | 4 |  4.8

Action                   |  1- 3 |  4- 6 |  7- 9 | 10-12 | 13-15 || total
-------------------------+-------+-------+-------+-------+-------++-------
Melee: Unarmed           |    70 |       |       |       |       ||    70
       Punch             |     1 |     2 |     8 |     1 |       ||    12
       Dagger            |     9 |   211 |   405 |   430 |   757 ||  1812
       Tailslap          |       |       |       |       |   166 ||   166
 Cast: Freeze            |    56 |     7 |     6 |    24 |    13 ||   106
       Ozocubu's Armour  |       |     5 |    26 |    49 |    76 ||   156
       Frozen Ramparts   |       |     3 |    17 |    45 |    81 ||   146
       Hailstorm         |       |       |       |    17 |   134 ||   151
       Shock             |       |       |       |     7 |     4 ||    11
       Orb of Destructio |       |       |       |       |     1 ||     1
Evoke: Wand              |       |       |       |     6 |     6 ||    12
  Use: Scroll            |       |    16 |     4 |     7 |    18 ||    45
       Potion            |       |       |     4 |     1 |     7 ||    12
 Stab: Sleeping          |     2 |     8 |     5 |     7 |    28 ||    50
       Distracted        |       |       |     2 |       |     2 ||     4
Armor: Robe              |    30 |    31 |       |       |    32 ||    93
       Leather armour    |       |    20 |   143 |   133 |   147 ||   443
       Skin              |       |       |       |     1 |       ||     1
Dodge: Dodged            |    92 |   123 |   283 |   326 |   442 ||  1266
Block: Other             |       |    27 |    81 |    48 |       ||   156
       Buckler           |       |       |       |   151 |   433 ||   584
